 Dungeon Crawl Stone Soup version 0.22-a0-433-gd2a9cce (webtiles) character file.

373 galech the Skirmisher (level 6, -2/67 HPs)
             Began as an Ogre Berserker on May 28, 2018.
             Was a Believer of Trog.
             Slain by a gnoll
             ... wielding a cursed -1 halberd
              (12 damage)
             ... on level 4 of the Dungeon.
             The game lasted 00:06:06 (3973 turns).

galech the Skirmisher (Ogre Berserker)              Turns: 3973, Time: 00:06:07

Health: -2/67      AC:  3    Str: 24    XL:     6   Next: 71%
Magic:  6/6        EV: 12    Int:  8    God:    Trog [**....]
Gold:   196        SH:  0    Dex:  8    Spells: 5/5 levels left

rFire    . . .     SeeInvis .   a - +0 mace
rCold    . . .     Gourm    .   (no shield)
rNeg     . . .     Faith    .   b - +0 animal skin
rPois    .         Spirit   .   (helmet restricted)
rElec    .         Reflect  .   (no cloak)
rCorr    .         Harm     .   (gloves unavailable)
MR       ++...                  (boots unavailable)
Stlth    +.........             (no amulet)
HPRegen  1.21/turn              (no ring)
MPRegen  0.10/turn              s - +2 ring of evasion

@: lethally poisoned (-2 -> -2), berserk cooldown, regenerating, slowed, heavily
drained, very slow
A: large, unfitting armour, tough skin 1
a: Berserk, Trog's Hand, Renounce Religion


You were on level 4 of the Dungeon.
You worshipped Trog.
Trog was pleased with you.
You were very hungry.

You visited 1 branch of the dungeon, and saw 4 of its levels.
You also visited: Sewer.

You collected 196 gold pieces.

Inventory:

Hand Weapons
 a - a +0 mace (weapon)
Armour
 b - a +0 animal skin (worn)
Jewellery
 s - a +2 ring of evasion (right hand)
Wands
 j - a wand of digging (20)
Scrolls
 g - a scroll of teleportation {unknown}
 h - a scroll of fog {unknown}
 i - 2 scrolls of immolation {unknown}
 k - 4 scrolls of identify {unknown}
 l - a scroll of noise {unknown}
 m - a scroll of amnesia {unknown}
 p - a scroll of fear {unknown}
 q - a scroll of magic mapping {unknown}
Potions
 d - 2 potions of brilliance {unknown}
 e - 2 potions of heal wounds {unknown}
 f - 2 potions of cancellation {unknown}
 o - a potion of might {unknown}
 r - 2 potions of mutation {unknown}
Comestibles
 c - 5 rations
 n - 5 chunks of flesh


   Skills:
 + Level 6.0(4.8) Fighting
 + Level 4.8(3.7) Maces & Flails
 + Level 4.0(2.8) Dodging
 + Level 0.8(0.0) Stealth


You had 5 spell levels left.
You didn't know any spells.
Your spell library was empty.

Dungeon Overview and Level Annotations

Branches:
Dungeon (4/15)
 Temple: D:4-7

Altars:
Dithmenos

Annotations:
D:3 KristoblXynda's ghost, amateur NaGl


Innate Abilities, Weirdness & Mutations

You are too large for most types of armour.
You have tough skin. (AC +1)


Message History

You feel yourself slow down. The adder bites you.
You are more poisoned.
The adder poisons you!
The gnoll hits you from afar with a spear!
The gnoll misses you.
You closely miss the adder.
The adder is lightly wounded.
You feel sick. The gnoll hits you but does no damage. The adder bites you.
* * * LOW HITPOINT WARNING * * *
The gnoll shaman closely misses you.
The gnoll hits you from afar with a spear.
* * * LOW HITPOINT WARNING * * *
The adder barely misses you. The gnoll misses you.
The gnoll shaman hits you with a club.
* * * LOW HITPOINT WARNING * * *
The gnoll closely misses you. The adder bites you.
* * * LOW HITPOINT WARNING * * *
You feel sick. The adder misses you.
The gnoll hits you from afar with an enchanted halberd!
You die...

### ###.g
....g. .....
#...###
#....###
#....gg####
#....ggS..##
#...#####@..#
#.$. ##..#
#... ### ...
.. )


You could see a gnoll shaman, 3 gnolls and an adder.

Vanquished Creatures
  Purgy (Sewer)
  3 orc wizards
  2 gnolls (D:4)
  7 adders
  A river rat (D:3)
  An ooze (D:1)
  A worm (D:2)
  2 dart slugs (D:1)
  5 leopard geckos
  9 orcs
  2 giant cockroaches
  9 hobgoblins
  6 kobolds
  2 quokkas
  3 ball pythons (Sewer)
  10 bats
  6 frilled lizards
  11 goblins
  9 rats
90 creatures vanquished.

Notes
Turn   | Place    | Note
-------+----------+-------------------------------------------
     0 | D:1      | galech the Ogre Berserker began the quest for the Orb.
     0 | D:1      | Reached XP level 1. HP: 24/24 MP: 1/1
    65 | D:1      | Reached XP level 2. HP: 28/32 MP: 2/2
   425 | D:1      | Reached XP level 3. HP: 37/40 MP: 3/3
  1017 | D:2      | Reached ** piety under Trog
  1490 | D:2      | Reached XP level 4. HP: 22/49 MP: 4/4
  1833 | D:2      | Found a faded altar of an unknown god.
  2058 | D:3      | Reached skill level 5 in Fighting
  2228 | D:3      | Reached XP level 5. HP: 31/57 MP: 5/5
  2568 | D:3      | HP: 2/57 [adder (3)]
  2627 | D:3      | Found a glowing drain.
  2631 | Sewer    | Entered a sewer
  2891 | Sewer    | Noticed Purgy
  2902 | Sewer    | Killed Purgy
  2902 | Sewer    | Reached XP level 6. HP: 66/66 MP: 6/6
  3137 | D:3      | Noticed KristoblXynda's ghost (amateur NaGl)
  3585 | D:3      | Found a shadowy altar of Dithmenos.
  3961 | D:4      | Reached skill level 6 in Fighting
  3973 | D:4      | Slain by a gnoll

Vault maps used:
D:1:      ncdulo_smallfort
D:2:      chequers_ecumenical_altar_lobes, grunt_decor_arrowhead,
          kennysheep_another_room
D:3:      kennysheep_six_static_rooms, lemuel_coloured_pillars_altar,
          gup_sewer_entry_spiral
D:4:      first_ration
Sewer:    sewer_co_purgy_island

Skill      XL: |  1  2  3  4  5  6 |
---------------+-------------------+-----
Maces & Flails | 3 4 |  4.8
Dodging        | 3 4 |  4.0
Fighting       | 5 6 |  6.0
Stealth        | |  0.8

Action                   |  1- 3 |  4- 6 || total
-------------------------+-------+-------++-------
Melee: Mace              |   149 |   219 ||   368
Invok: Trog's Hand       |       |     6 ||     6
       Berserk           |       |     4 ||     4
  Use: Potion            |       |     3 ||     3
  Eat: Chunk             |     1 |    11 ||    12
       Ration            |       |     1 ||     1
Armor: Animal skin       |    46 |    67 ||   113
Dodge: Dodged            |   115 |   191 ||   306

Table legend:
 A = Spawn XP
 B = Non-spawn XP
 C = Spawn XP percentage of total XP
 D = Spawn monster count
 E = Non-spawn monster count
 F = Spawn count percentage of total count
 G = Total turns spent on level
                    A         B        C        D         E        F      G
               +---------+---------+-------+---------+---------+-------+---------
         Total |       0 |     533 |   0.0 |       0 |      90 |   0.0 |  3973
               +---------+---------+-------+---------+---------+-------+---------
           D:1 |       0 |      39 |   0.0 |       0 |      17 |   0.0 |   643
           D:2 |       0 |      73 |   0.0 |       0 |      22 |   0.0 |  1587
           D:3 |       0 |     161 |   0.0 |       0 |      34 |   0.0 |  1100
           D:4 |       0 |     117 |   0.0 |       0 |       9 |   0.0 |   225
         Sewer |       0 |     143 |   0.0 |       0 |       8 |   0.0 |   418
               +---------+---------+-------+---------+---------+-------+---------
